Map: Amygdala

Players

GangusKaun

  • Race: Protoss Protoss
  • League: Gold
  • Spawn Location: 7:00

Pyro - Winner!

  • Race: Zerg Zerg
  • League: Silver
  • Spawn Location: 1:00

VOD

Have the link to the VOD?

Description

PvZ MAss Muta - Ultra Loss

Time

  • Played on: Dec. 3, 2024, 11:53 p.m.
  • Length: 16:25
Show
View Real Time Build Order
Export as new Build Order

GangusKaun Protoss 

Build Orders: 1 Gate Expand 

Get SALT Encoding   

  12  0:09  Probe  
  13  0:23  Probe, Pylon  
  14  0:31  Probe  
  15  0:39  Probe  
  15  0:46  Gateway  
  16  0:50  Probe  
  16  0:55  Assimilator  
  17  1:02  Probe  
  18  1:14  Probe  
  19  1:26  Probe  
  20  1:38  Probe  
  21  1:44  Nexus  
  21  1:48  Cybernetics Core  
  21  1:55  Probe  
  21  1:59  Pylon  
  21  2:10  Gateway  
  21  2:11  Warp Gate  
  21  2:15  Probe  
  22  2:19  Adept  
  22  2:27  Probe  
  22  2:28  Shield Battery  
  25  2:40  Assimilator  
  25  3:10  Adept x2, Probe  
  29  3:18  Probe  
  29  3:19  Probe  
  31  3:24  Stargate  
  32  3:31  Probe  
  33  3:41  Forge  
  33  3:43  Twilight Council  
  33  3:48  Probe  
  34  4:02  Assimilator  
  34  4:04  Assimilator  
  34  4:08  Protoss Ground Weapons Level 1  
  34  4:15  Pylon  
  34  4:21  Charge  
  34  4:28  Shield Battery  
  34  4:41  Gateway  
  34  4:42  Void Ray  
  34  4:43  Gateway, Probe x2  
  36  4:48  Gateway  
  40  4:52  Probe  
  40  4:56  Probe  
  42  5:00  Probe  
  43  5:08  Probe  
  44  5:19  Probe  
  44  5:20  Probe  
  46  5:32  Probe x2  
  48  5:40  Oracle  
  51  5:54  Templar Archives  
  51  5:55  Pylon  
  51  5:57  Nexus, Pylon  
  51  6:18  Probe x2  
  53  6:24  Protoss Ground Weapons Level 2  
  53  6:31  Zealot x5  
  63  6:47  Pylon  
  63  6:48  Psionic Storm  
  63  6:51  Pylon  
  63  6:52  High Templar x2  
  63  6:53  High Templar  
  69  7:05  Oracle  
  72  7:13  Probe  
  72  7:14  Probe  
  70  7:42  Phoenix, Stargate  
  72  7:47  Photon Cannon  
  72  7:49  Photon Cannon  
  72  7:52  Photon Cannon  
  72  7:55  Probe  
  72  7:58  Photon Cannon, Shield Battery  
  73  8:01  Probe x2  
  75  8:07  Gateway, Phoenix, Probe  
  75  8:10  Gateway  
  75  8:12  Shield Battery  
  78  8:13  Probe, Shield Battery  
  78  8:16  Probe  
  78  8:17  Photon Cannon  
  78  8:19  Probe  
  81  8:21  Photon Cannon  
  81  8:46  Archon  
  79  8:53  Stalker x4  
  79  8:54  Stalker  
  84  9:04  Phoenix  
  84  9:06  Stalker x2  
  79  10:14  Nexus  
  75  11:19  Pylon  
  75  11:21  Pylon  
  75  11:22  Pylon  
  75  11:23  Pylon x2  
  75  11:25  Probe x2, Pylon  
  75  11:26  Protoss Shields Level 1  
  75  11:27  Photon Cannon  
  75  11:29  Photon Cannon  
  75  11:31  Shield Battery  
  79  11:38  Probe x2  
  81  11:40  Phoenix  
  81  11:43  Protoss Air Weapons Level 1  
  81  11:50  Probe x2  
  66  12:05  Phoenix  
  54  12:09  Phoenix  
  54  12:11  Stalker, Pylon  
  54  12:12  Stalker x3  
  54  12:13  Stalker  
  55  12:20  High Templar  
  48  12:34  Phoenix  
  47  12:49  High Templar x3  
  47  12:50  High Templar  
  55  12:53  Archon  
  55  12:54  Archon  
  55  12:57  Stalker x2  
  57  12:59  Phoenix  
  59  13:18  Probe x2  
  61  13:24  Phoenix  
  63  13:30  Probe  
  64  13:46  Probe x2  
  66  13:49  Phoenix  
  66  13:54  Assimilator  
  66  13:55  Assimilator  
  68  13:58  Probe x2  
  70  14:09  Pylon  
  70  14:10  Probe x2  
  70  14:11  Photon Cannon x2  
  70  14:14  Photon Cannon  
  72  14:21  Pylon  
  70  14:26  Pylon  
  70  14:28  Photon Cannon  
  56  14:36  High Templar x2  
  44  14:47  Zealot x4  
  40  14:56  Photon Cannon, Phoenix  
  40  14:59  Photon Cannon  
  42  15:00  Shield Battery x2  
  42  15:20  Phoenix  
  44  15:28  Phoenix  
  24  16:00  Stalker x3  
  24  16:01  Stalker  
Show
View Real Time Build Order
Export as new Build Order

Pyro Zerg - Winner!

Build Orders: Pool First 

Get SALT Encoding   

  12  0:02  Drone  
  13  0:15  Overlord  
  13  0:31  Spawning Pool  
  13  0:33  Drone  
  13  0:51  Drone x3  
  16  1:11  Hatchery  
  15  1:18  Zergling x2  
  15  1:19  Zergling x2  
  17  1:25  Zergling x2  
  18  1:33  Queen  
  18  1:36  Zergling x2  
  21  2:12  Drone  
  21  2:14  Extractor  
  21  2:15  Overlord x2  
  21  2:29  Queen, Drone  
  24  2:32  Drone  
  25  2:38  Drone  
  25  2:41  Drone  
  27  2:46  Drone  
  27  2:49  Queen  
  27  2:50  Drone  
  31  2:51  Drone  
  31  2:52  Drone  
  31  2:55  Extractor  
  31  2:57  Drone  
  33  3:08  Drone  
  33  3:12  Zergling x2  
  35  3:14  Overlord  
  35  3:24  Drone  
  36  3:29  Drone  
  36  3:32  Burrow  
  37  3:34  Extractor  
  36  3:47  Drone x3  
  39  3:50  Hatchery, Drone  
  39  3:51  Drone  
  39  3:55  Drone  
  41  4:01  Drone x2  
  39  4:13  Drone x3  
  42  4:26  Drone  
  42  4:27  Drone x4  
  42  4:28  Drone x2  
  49  4:31  Extractor  
  48  4:39  Lair  
  48  4:46  Drone x3  
  48  4:48  Zergling x2  
  52  5:02  Drone x3  
  52  5:03  Drone x2  
  57  5:07  Drone  
  58  5:17  Overlord x3  
  58  5:24  Overlord x2  
  58  5:30  Metabolic Boost  
  58  5:38  Spire  
  58  5:39  Spire, Drone x2  
  58  5:45  Drone x2  
  58  5:46  Drone  
  58  5:49  Extractor  
  60  5:52  Extractor  
  59  5:59  Drone x3  
  59  6:01  Drone x3  
  65  6:04  Drone x2  
  65  6:05  Drone x4  
  71  6:31  Queen  
  73  6:33  Queen  
  73  6:39  Drone  
  77  6:40  Drone x2  
  77  6:42  Overlord  
  78  6:47  Extractor, Queen  
  78  6:48  Hatchery  
  78  6:53  Extractor  
  77  6:58  Mutalisk x2  
  77  7:00  Mutalisk x3  
  87  7:02  Mutalisk  
  87  7:05  Overlord, Zergling x2  
  87  7:06  Overlord  
  90  7:12  Overlord x3  
  90  7:13  Overlord x3  
  90  7:50  Mutalisk  
  92  7:51  Mutalisk x11  
  92  7:55  Queen x2  
  92  7:56  Mutalisk, Queen  
  122  8:02  Zerg Flyer Armor Level 1, Zerg Flyer Weapons Level 1  
  122  8:09  Infestation Pit  
  121  8:13  Drone x2  
  121  8:15  Drone  
  121  8:16  Drone x11  
  135  8:39  Drone x5  
  135  8:40  Drone x2  
  142  8:43  Queen  
  112  9:41  Mutalisk x2  
  112  9:42  Mutalisk x7  
  122  9:56  Drone  
  123  10:05  Mutalisk x8  
  131  10:46  Mutalisk x9  
  144  10:50  Overlord  
  144  10:51  Overlord x10  
  144  11:00  Spore Crawler x2  
  144  11:01  Spore Crawler  
  144  11:02  Spore Crawler  
  144  11:03  Spore Crawler  
  139  11:15  Drone  
  139  11:16  Drone x8  
  148  11:30  Mutalisk x5  
  134  12:16  Zerg Flyer Armor Level 2, Zerg Flyer Weapons Level 2  
  134  12:18  Hive  
  128  12:26  Drone x3  
  127  12:30  Mutalisk x6  
  127  12:31  Mutalisk x7  
  143  13:01  Mutalisk  
  143  13:02  Mutalisk x12  
  161  13:34  Hatchery  
  161  13:35  Hatchery  
  161  13:36  Hatchery  
  161  13:38  Hatchery  
  161  13:40  Hatchery  
  156  13:44  Hatchery  
  155  13:48  Nydus Network  
  155  13:52  Ultralisk Cavern  
  155  13:53  Adrenal Glands  
  155  13:55  Mutalisk x2  
  153  13:56  Mutalisk x4  
  153  13:57  Zergling x24  
  153  13:58  Zergling x2  
  148  14:49  Zergling x2  
  148  14:50  Zergling x16  
  148  14:51  Ultralisk x5  
  148  14:52  Ultralisk  
  171  15:21  Baneling Nest  
  171  15:23  Roach Warren  
  151  16:24  Hatchery  
Tags
 
Add a new tag
Caveats
  • Supply blocks, unpowered buildings, or Contaminate may cause inaccurate times.
  • Supply counts are checked every 10 seconds.